 Dungeon Crawl Stone Soup version 0.32-a0-329-ge6c31236d6 (webtiles) character file.

Game seed: 17956147037675741491

256 Dittersdorf the Trooper (level 6, -3/39 HPs)
             Began as a Gargoyle Fighter on Feb 16, 2024.
             Slain by Pikel
             ... wielding a +2 whip of freezing
              (6 damage)
             ... on level 4 of the Dungeon.
             The game lasted 00:02:22 (2350 turns).

Dittersdorf the Trooper (Gargoyle Fighter)          Turns: 2350, Time: 00:02:23

Health: -3/39      AC: 14    Str: 22    XL:     6   Next: 15%
Magic:  6/6        EV:  8    Int:  8    God:
Gold:   281        SH:  9    Dex:  9    Spells: 5/5 levels left

rFire   . . .        a - +0 flail
rCold   . . .        c - +0 buckler
rNeg    + . .        s - +0 chain mail
rPois   ∞            (no helmet)
rElec   +            (no cloak)
rCorr   +            (no gloves)
SInv    +            (no boots)
Will    .....        e - amulet of reflection Stlth
                     h - ring of resist corrosion
HPRegen 0.26/turn    p - ring of see invisible
MPRegen 0.10/turn

%: reflection
@: no status effects
A: sickness immunity, AC +4, negative energy resistance 1, electricity
resistance, torment resistance 1, petrification resistance
a: no special abilities


You were on level 4 of the Dungeon.
You visited 1 branch of the dungeon, and saw 4 of its levels.

You collected 281 gold pieces.

Inventory:

Hand Weapons
 a - a +0 flail (weapon)
Armour
 c - a +0 buckler (worn)
 s - a +0 chain mail (worn)
Jewellery
 e - an amulet of reflection (around neck)
 h - a ring of resist corrosion (left hand)
 p - a ring of see invisible (right hand)
Scrolls
 g - 4 scrolls of amnesia {unknown}
 i - a scroll of fear {unknown}
 k - 2 scrolls of identify {unknown}
 l - a scroll of teleportation {unknown}
 n - a scroll of summoning {unknown}
 o - a scroll of revelation {unknown}
Potions
 b - a potion of berserk rage {unknown}
 d - a potion of might
 f - a potion of attraction {unknown}
 j - a potion of experience {unknown}
 m - a potion of resistance {unknown}
 q - a potion of ambrosia {unknown}
 r - a potion of mutation {unknown}


   Skills:
 + Level 4.6 Fighting
 + Level 3.5 Maces & Flails
 + Level 4.6 Armour
 + Level 4.5 Shields


You had 5 spell levels left.
You didn't know any spells.
Your spell library was empty.

Dungeon Overview and Level Annotations

Branches:
Dungeon (4/15)
 Temple: D:4-7

Altars:
Hepliaklqana
Kikubaaqudgha
Okawaru

Shops:
D:1 =

Annotations:
D:4 Pikel


Innate Abilities, Weirdness & Mutations

You are immune to sickness and miasma.
Your stone body is resilient. (AC +4)
You are immune to poison.
You resist negative energy. (rN+)
You are resistant to electric shocks. (rElec)
You are resistant to unholy torment.
You are immune to petrification.


Message History

You barely miss Pikel.
Pikel is moderately wounded.
Pikel hits you but does no damage.
You hit Pikel but do no damage.
Pikel is moderately wounded.
Pikel hits you but does no damage.
You barely miss Pikel.
Pikel is moderately wounded.
You block Pikel's attack.
You miss Pikel.
Pikel is moderately wounded.
Pikel barely misses you. You block Pikel's attack.
You barely miss Pikel.
Pikel is moderately wounded.
You block Pikel's attack.
You hit Pikel.
Pikel is moderately wounded.
Pikel hits you with a +2 whip of freezing.
* * * LOW HITPOINT WARNING * * *
Pikel freezes you.
* * * LOW HITPOINT WARNING * * *
You thump Pikel!
Pikel is heavily wounded.
You block Pikel's attack.
You thump Pikel!
Pikel is severely wounded.
You block Pikel's attack.
Pikel says, "You'll feel the lick of my whip!"
You block Pikel's attack.
You barely miss Pikel.
Pikel is severely wounded.
You block Pikel's attack.
You miss Pikel.
Pikel is severely wounded.
You block Pikel's attack.
You barely miss Pikel.
Pikel is heavily wounded.
Pikel hits you with a +2 whip of freezing.
You die...
Pikel says, "See you in Hell!"

#...............#####
#.###.##.............
#.##..#.........# ..
##>##......###...#
....#####......##..# #.##.
#......>#.........# #.###
...####.###5..#.#.####.###
##.#K5..............
##@#..###.. ....... ###.K#
. ##.... #5.# ####. #5.#
#. #.5# #.. #... #.. #....
#.. #..... ... #......
####


You could see Pikel and 2 lemures.

Vanquished Creatures
  A lemure (D:4)
  A scorpion (D:4)
  A bombardier beetle (D:3)
  An iguana (D:3)
  2 adders
  A dart slug (D:2)
  3 ribbon worms
  An orc (D:2)
  8 bats
  4 endoplasms
  6 giant cockroaches
  7 goblins
  9 hobgoblins
  2 jackals (D:1)
  6 kobolds
  2 quokkas (D:3)
  3 ball pythons
  4 frilled lizards
  7 rats
69 creatures vanquished.

Notes
Turn   | Place    | Note
-------+----------+-------------------------------------------
     0 | D:1      | Dittersdorf the Gargoyle Fighter began the quest for the
                  | Orb.
     0 | D:1      | Reached XP level 1. HP: 14/14 MP: 1/1
   140 | D:1      | Reached XP level 2. HP: 19/19 MP: 2/2
   291 | D:1      | Reached XP level 3. HP: 24/24 MP: 3/3
   437 | D:1      | Found Tystraan's Jewellery Shoppe.
   467 | D:1      | Found a faded altar of an unknown god.
   846 | D:2      | Reached XP level 4. HP: 29/29 MP: 4/4
  1568 | D:3      | Found a hazy altar of Hepliaklqana.
  1583 | D:3      | Reached XP level 5. HP: 22/33 MP: 5/5
  1726 | D:3      | Found an iron altar of Okawaru.
  1836 | D:3      | Found an ancient bone altar of Kikubaaqudgha.
  2258 | D:4      | Reached XP level 6. HP: 39/39 MP: 6/6
  2311 | D:4      | Noticed Pikel
  2350 | D:4      | Slain by Pikel

Illustrated notes

Levels and vault maps discovered:
D:1:      ldierk_walled_garden_2, layout_basic, serial_shops,
          nicolae_shop_hallway_plus, shapermc_ecumenical_altar_totnotflames,
          serial_bayou_pond_b, minmay_pentomino_s4
D:2:      layout_loops_cross, minmay_box_of_dots
D:3:      layout_rooms, okawaru_ov_weapons_minmay, amcnicky_altar_gilded,
          nicolae_kikubaaqudgha_miasma_corner, kennysheep_crisscross,
          minmay_cut_off
D:4:      layout_loops_ring, serial_shops, shop, uniq_duvessa, uniq_pargi,
          uniq_pikel

Skill      XL: |  1  2  3  4 |
---------------+-------------+-----
Fighting       | 4 |  4.6
Armour         | 4 |  4.6
Shields        | 4 |  4.5
Maces & Flails | 3 |  3.5

Action                     |  1- 3 |  4- 6 || total
---------------------------+-------+-------++-------
  Melee: Flail             |    76 |   178 ||   254
 Armour: Scale mail        |    49 |    56 ||   105
         Chain mail        |       |    42 ||    42
  Dodge: Dodged            |    26 |    60 ||    86
  Block: Buckler           |    40 |   108 ||   148
         Reflection        |     1 |     3 ||     4

Table legend: (Time is in decaauts)
 A = Elapsed time spent in this place.
 B = Non-inter-level travel time spent in this place.
 C = Inter-level travel time spent in this place.
 D = Time resting spent in this place.
 E = Time spent auto-exploring this place.
 F = Levels seen in this place.
 G = Mean time per level.
                   A        B        C        D        E       F      G
               +--------+--------+--------+--------+--------+-----+--------+
         Total |   2423 |   2324 |     99 |     56 |   1706 |   4 |  605.8 |
       Dungeon |   2423 |   2324 |     99 |     56 |   1706 |   4 |  605.8 |
               +--------+--------+--------+--------+--------+-----+--------+

Top non-repeatable levels by time:
     D:2: 862 daAuts
     D:1: 752 daAuts
     D:3: 686 daAuts
     D:4: 122 daAuts
